 Dungeon Crawl Stone Soup version 0.25-a0-161-gb7fd73da8f (webtiles) character file.

Game seed: 18327866752937328807, levelgen mode: deterministic

50 Leeroy the Slasher (level 3, -1/29 HPs)
             Began as a Draconian Skald on Nov 21, 2019.
             Killed from afar by an orc wizard (11 damage)
             ... with a puff of flame
             ... on level 3 of the Dungeon.
             The game lasted 00:02:33 (1004 turns).

Leeroy the Slasher (Draconian Skald)                Turns: 1004, Time: 00:02:34

Health: -1/29      AC:  5    Str: 13    XL:     3   Next: 55%
Magic:  4/6        EV: 12    Int: 14    God:
Gold:   148        SH:  0    Dex: 10    Spells: 3/6 levels left

rFire    . . .     SeeInvis .   l - +0 falchion (freeze)
rCold    . . .     Gourm    .   (no shield)
rNeg     . . .     Faith    .   (armour unavailable)
rPois    .         Spirit   .   (helmet restricted)
rElec    .         Reflect  .   (no cloak)
rCorr    .         Harm     .   (no gloves)
MR       .....                  (no boots)
Stlth    +.........             (no amulet)
HPRegen  0.09/turn              (no ring)
MPRegen  0.10/turn              (no ring)

@: shrouded
A: unfitting armour, cold-blooded, AC +5
a: no special abilities


You were on level 3 of the Dungeon.
You were hungry.

You visited 1 branch of the dungeon, and saw 3 of its levels.

You collected 148 gold pieces.

Inventory:

Hand Weapons
 a - a +0 falchion
 l - a +0 falchion of freezing (weapon)
Missiles
 e - a throwing net (quivered)
 k - 59 stones
Scrolls
 b - a scroll of fear {unknown}
 d - 2 scrolls of remove curse {unknown}
 h - a scroll of teleportation {unknown}
 j - 2 scrolls of identify {unknown}
 n - a scroll of blinking {unknown}
Potions
 f - a potion of mutation {unknown}
 g - a potion of degeneration {unknown}
 i - a potion of haste {unknown}
Comestibles
 c - 5 rations
 m - 2 chunks of flesh


   Skills:
 - Level 2.1 Fighting
 + Level 4.0 Long Blades
 - Level 2.1 Dodging
 - Level 2.0 Spellcasting
 - Level 2.6 Charms


You had 3 spell levels left.
You knew the following spells:

 Your Spells              Type           Power        Failure   Level  Hunger
a - Infusion              Chrm           #...         8%          1    ##.....
b - Shroud of Golubria    Chrm/Tloc      #.....       21%         2    ###....

Your spell library contained the following spells:

 Spells                   Type           Power        Failure   Level  Hunger
 Song of Slaying          Chrm           #.......     12%         2    ###....
 Regeneration             Chrm/Necr      #.........   38%         3    ####...
 Spectral Weapon          Hex/Chrm       #.......     38%         3    ####...


Dungeon Overview and Level Annotations

Branches:
Dungeon (3/15)

Altars:


Innate Abilities, Weirdness & Mutations

Your plain brown scales are hard. (AC +5)
You cannot fit into any form of body armour.
You are cold-blooded and may be slowed by cold attacks.


Message History

The orc is severely wounded.
The orc wizard hits you with a +0 dagger.
The orc hits you but does no damage.
You completely miss the orc wizard. The orc wizard barely misses you.
The orc barely misses you.
You riposte.
You hit the orc. You freeze the orc.
You kill the orc!
The orc wizard barely misses you.
Cast which spell? (? or * to list) Space distorts slightly along a thin shroud covering your body.
You are feeling hungry.
The orc wizard hits you but does no damage.
You hit the orc wizard but do no damage.
Your shroud bends the orc wizard's attack away.
The orc wizard points at you and mumbles some strange words.
The puff of flame hits you.
You hit the orc wizard but do no damage.
The orc wizard looks encouraged for a moment.
The orc wizard gestures at you while chanting.
The puff of flame hits you!
You die...

##.....##....รท..#
######..##.......# ...
#.......)........# #....
#................#.#...o
#................#....#
#........)######.#.o..#
#.........# #.......#
#........[#####.....#
#.........@oo.....#.
#........)#####..#####
####...................
#.################## #.#
#.. ###


You could see an orc wizard and an orc.

Vanquished Creatures
  An orc wizard (D:3)
  A worm (D:2)
  3 leopard geckos
  3 orcs (D:3)
  9 bats
  A giant cockroach (D:1)
  6 goblins
  3 hobgoblins
  A kobold (D:2)
  5 rats
33 creatures vanquished.

Notes
Turn   | Place    | Note
-------+----------+-------------------------------------------
     0 | D:1      | Leeroy the Draconian Skald began the quest for the Orb.
     0 | D:1      | Reached XP level 1. HP: 17/17 MP: 3/3
   124 | D:1      | Reached XP level 2. HP: 21/24 MP: 5/5
   131 | D:1      | Learned a level 2 spell: Shroud of Golubria
   155 | D:1      | Reached skill level 3 in Long Blades
   611 | D:2      | Reached XP level 3. HP: 24/29 MP: 6/6
   997 | D:3      | Reached skill level 4 in Long Blades
  1004 | D:3      | Killed from afar by an orc wizard

Levels and vault maps discovered:
D:1:      dpeg_arrival_pits, layout_rooms, hex_intersection
D:2:      layout_loops_corners, chequers_temple_overflow_statue_of_worship
D:3:      layout_basic, hangedman_decor_growths

Skill      XL: |  1  2  3 |
---------------+----------+-----
Long Blades    | 3 4 |  4.0
Fighting       | |  2.1
Dodging        | |  2.1
Spellcasting   | |  2.0
Charms         | |  2.6

Action                   || total
-------------------------++-------
Melee: Falchion          ||    80
       Tailslap          ||     6
 Cast: Shroud of Golubri ||     1
Armor: Skin              ||    35
Dodge: Dodged            ||    70
       Rpst.: Falchion   ||    30

Table legend:
 A = Non-vault XP
 B = Vault XP
 C = Vault XP percentage of total XP
 D = Non-vault monster count
 E = Vault monster count
 F = Vault count percentage of total count
                 A         B        C        D         E       F
            +---------+---------+-------+---------+---------+-------
      Total |      72 |       0 |   0.0 |      33 |       0 |   0.0
            +---------+---------+-------+---------+---------+-------
        D:1 |      34 |       0 |   0.0 |      20 |       0 |   0.0
        D:2 |      14 |       0 |   0.0 |       7 |       0 |   0.0
        D:3 |      24 |       0 |   0.0 |       6 |       0 |   0.0
            +---------+---------+-------+---------+---------+-------
